 Dungeon Crawl Stone Soup version 0.19.0-19-g8c6edcc (console) character file.

3154 Kloppie the Cleaver (level 9, 0/111 HPs)
             Began as a Demonspawn Berserker on Nov 14, 2016.
             Was an Elder of Trog.
             Killed from afar by an electric eel (8 damage)
             ... with a bolt of electricity
             ... on level 7 of the Dungeon.
             The game lasted 00:10:45 (7269 turns).

Kloppie the Cleaver (Demonspawn Berserker)          Turns: 7269, Time: 00:10:46

Health: 0/111      AC: 12    Str: 22    XL:     9   Next: 62%
Magic:  9/9        EV:  7    Int:  9    God:    Trog [****..]
Gold:   335        SH:  0    Dex: 18    Spells: 0 memorised, 8 levels left

rFire  . . .     SeeInvis .     a - +0 hand axe
rCold  . . .     Gourm    .     o - +0 plate armour
rNeg   + . .     Faith    .     (no shield)
rPois  .         Spirit   .     (no helmet)
rElec  .         Reflect  .     (no cloak)
rCorr  .         Harm     .     (no gloves)
MR     +++..                    (no boots)
Stlth  ..........               (no amulet)
                                t - ring of protection from magic
                                e - ring of positive energy

@: berserking, regenerating, very quick
A: claws 1, thin skeletal structure 1, demonic guardian 1, powered by death 1
a: Berserk, Trog's Hand, Brothers in Arms, Burn Spellbooks, Renounce Religion


You were on level 7 of the Dungeon.
You worshipped Trog.
Trog was greatly pleased with you.
You were not hungry.

You visited 1 branch of the dungeon, and saw 7 of its levels.

You collected 335 gold pieces.

Inventory:

Hand Weapons
 a - a +0 hand axe (weapon)
 n - a +0 war axe
Armour
 o - a +0 plate armour (worn)
Jewellery
 e - a ring of positive energy (left claw)
 f - an uncursed ring of ice
 t - a ring of protection from magic (right claw)
 w - an uncursed ring of see invisible
 z - an uncursed ring of ice
 A - an uncursed ring of protection from cold
 B - a cursed amulet of inaccuracy {unknown}
Scrolls
 j - a scroll of teleportation
 x - 3 scrolls of recharging
 y - 2 scrolls of remove curse
Potions
 b - 3 potions of lignification
 d - 2 potions of agility
 g - 2 potions of curing {unknown}
 h - 2 potions of brilliance
 i - a potion of flight {unknown}
 l - a potion of berserk rage {unknown}
 p - 2 potions of heal wounds {unknown}
 r - a potion of cure mutation {unknown}
 s - 2 potions of magic {unknown}
 u - 2 potions of degeneration {unknown}
Comestibles
 c - 7 bread rations
 k - 5 beef jerkies
 m - 14 fruits
 q - 5 chunks of flesh
 C - 7 slices of pizza


   Skills:
 + Level 7.9 Fighting
 + Level 9.3 Axes
 - Level 5.8 Armour
 - Level 1.7 Dodging


You had 8 spell levels left.
You didn't know any spells.

Dungeon Overview and Level Annotations

Branches:
Dungeon (7/15)             Temple (0/1) D:6

Altars:
Cheibriados
Gozag
Trog
Zin


Innate Abilities, Weirdness & Mutations

You have sharp fingernails.
You have a somewhat thin skeletal structure. (Dex +2, Stealth)
A weak demonic guardian rushes to your aid.
You regenerate a little health from kills.


Message History

You feel yourself moving faster!
You feel mighty!
You feel a lot more hungry.
Your quasit splashes around in the water.
Your quasit misses the electric eel.
Your quasit splashes around in the water.
The electric eel shoots out a bolt of lightning at you!
The bolt of electricity hits you!
* * * LOW HITPOINT WARNING * * *
You closely miss the electric eel. You slash the adder zombie!
Your quasit splashes around in the water.
Your quasit misses the electric eel.
Your quasit splashes around in the water.
The adder zombie bites you but does no damage.
You barely miss the electric eel. You completely miss the adder zombie.
Your quasit splashes around in the water.
Your quasit claws the electric eel but does no damage.
Your quasit misses the electric eel.
The electric eel shoots out a bolt of lightning at you!
The bolt of electricity hits you!
You die...

≈≈## ≈≈≈# ≈≈≈## #≈≈≈### ###
###≈≈≈≈≈### ######.)
##############≈≈≈≈≈≈≈≈≈###.....).
..............≈≈;≈≈≈≈≈≈≈≈≈..#)#)#
................@Z≈≈≈≈≈≈≈...#.#.#
.................5;≈≈≈≈.....#.#.#
..K....((..........≈≈......<..#.#
#.#######(#.####.....###.#.####.#
#(..# #####.# #........# #.### .#
#######..# #.# # #..# #.#########
#..# #(......... #..#


You could see 2 electric eels, an adder zombie and a friendly quasit.

Vanquished Creatures
  Prince Ribbit (D:7)
  A hippogriff (D:6)
  3 hogs (D:7)
  A human (D:7)
  Edmund (D:5)
  A water moccasin (D:7)
  An orc warrior (D:5)
  A phantom (D:5)
  An ogre (D:5)
  A necrophage (D:5)
  2 centaurs
  A big kobold (D:7)
  2 bullfrogs
  3 scorpions
  A crimson imp (D:5)
  5 hounds
  A jelly (D:5)
  5 orc priests
  An iguana (D:7)
  3 worker ants
  7 orc wizards
  A killer bee zombie (D:7)
  7 gnolls
  4 adders
  A shadow imp (D:6)
  3 oozes
  An adder zombie (D:7)
  4 worms
  A dart slug (D:5)
  5 leopard geckos
  27 orcs
  7 giant cockroaches
  8 goblins
  7 hobgoblins
  18 jackals
  3 quokkas
  2 ball pythons
  10 bats
  8 frilled lizards
  11 kobolds
  A leopard gecko skeleton (D:5)
  9 rats
181 creatures vanquished.

Vanquished Creatures (collateral kills)
  A hog (D:7)
  The ghost of Antunes the Poker, an amateur MfAK of Lugonu (D:6)
  A centaur (D:6)
  A bullfrog (D:7)
  A jelly (D:6)
  A centaur skeleton (D:7)
  An orc wizard (D:6)
  A bullfrog skeleton (D:5)
  An adder (D:7)
  A kobold (D:7)
10 creatures vanquished.

Vanquished Creatures (others)
  A worker ant (D:7)
  An adder (D:7)
2 creatures vanquished.

Grand Total: 193 creatures vanquished

Notes
Turn   | Place    | Note
-------+----------+-------------------------------------------
     0 | D:1      | Kloppie the Demonspawn Berserker began the quest for the Orb.
     0 | D:1      | Reached XP level 1. HP: 18/18 MP: 1/1
   129 | D:1      | Reached skill level 3 in Axes
   131 | D:1      | Gained mutation: You have sharp fingernails. [demonic ancestry]
   131 | D:1      | Reached XP level 2. HP: 20/24 MP: 2/2
   313 | D:1      | Reached XP level 3. HP: 25/29 MP: 3/3
   551 | D:1      | Reached ** piety under Trog
   816 | D:2      | Found a glowing silver altar of Zin.
  1086 | D:2      | Found a bloodstained altar of Trog.
  1373 | D:3      | Gained mutation: You regenerate a little health from kills. [demonic ancestry]
  1373 | D:3      | Reached XP level 4. HP: 37/37 MP: 4/4
  1476 | D:3      | Reached skill level 4 in Axes
  1812 | D:3      | Reached XP level 5. HP: 43/43 MP: 5/5
  1859 | D:3      | Reached *** piety under Trog
  2193 | D:4      | Reached skill level 5 in Fighting
  2486 | D:4      | Reached XP level 6. HP: 45/51 MP: 6/6
  2631 | D:4      | Reached skill level 5 in Axes
  3403 | D:5      | Entered Level 5 of the Dungeon
  3449 | D:5      | Gained mutation: A weak demonic guardian rushes to your aid. [demonic ancestry]
  3449 | D:5      | Reached XP level 7. HP: 39/57 MP: 7/7
  3747 | D:5      | Reached skill level 6 in Axes
  3783 | D:5      | Reached **** piety under Trog
  3968 | D:5      | Found an opulent altar of Gozag.
  4288 | D:6      | Reached XP level 8. HP: 48/64 MP: 8/8
  4423 | D:6      | Noticed Edmund
  4829 | D:5      | Reached skill level 7 in Axes
  4989 | D:5      | Killed Edmund
  5078 | D:6      | Found a staircase to the Ecumenical Temple.
  5087 | D:6      | Noticed Antunes's ghost (amateur MfAK)
  5095 | D:6      | Killed Antunes's ghost
  5095 | D:6      | Reached skill level 5 in Armour
  5266 | D:6      | Reached ***** piety under Trog
  5272 | D:6      | Found a snail-covered altar of Cheibriados.
  5462 | D:7      | Noticed a hippogriff
  5477 | D:6      | Killed a hippogriff
  5531 | D:7      | Reached skill level 8 in Axes
  5651 | D:7      | Received a gift from Trog
  5706 | D:7      | Noticed Prince Ribbit
  5950 | D:7      | Gained mutation: You have a somewhat thin skeletal structure. (Dex +2, Stealth) [demonic ancestry]
  5950 | D:7      | Reached XP level 9. HP: 47/69 MP: 9/9
  6501 | D:7      | Killed Prince Ribbit
  6501 | D:7      | Reached skill level 9 in Axes
  7269 | D:7      | Killed from afar by an electric eel

Skill      XL: |  1  2  3  4  5  6  7  8  9 |
---------------+----------------------------+-----
Axes           | 3 4 5 6 8 9 |  9.3
Fighting       | 4 5 6 7 |  7.9
Armour         | 3 5 |  5.8
Dodging        | |  1.7

Action                   |  1- 3 |  4- 6 |  7- 9 || total
-------------------------+-------+-------+-------++-------
Melee: Hand axe          |   171 |   240 |   507 ||   918
Invok: Berserk           |       |     6 |    10 ||    16
       Trog's Hand       |       |       |     3 ||     3
  Use: Scroll            |       |     9 |     2 ||    11
 Stab: Distracted        |       |       |     2 ||     2
  Eat: Chunk             |     2 |    11 |    15 ||    28
       Bread ration      |       |       |     1 ||     1
       Pizza             |       |       |     1 ||     1
       Meat ration       |       |       |     1 ||     1
Armor: Ring mail         |    26 |       |       ||    26
       Chain mail        |    63 |   121 |       ||   184
       Plate armour      |       |       |   275 ||   275
Dodge: Dodged            |   100 |    94 |   127 ||   321
